 Dungeon Crawl Stone Soup version 0.32-a0-975-g85d4e5bfdb (webtiles) character file.

Game seed: 6548217215622886257

23 kae the Changeling (level 2, -1/31 HPs)
             Began as a Demonspawn Shapeshifter on Apr 18, 2024.
             Succumbed to Terence's poison
             ... on level 2 of the Dungeon.
             The game lasted 00:00:52 (621 turns).

kae the Changeling (Demonspawn Shapeshifter)         Turns: 621, Time: 00:00:53

Health: -1/31      AC: 21    Str: 11 (14) XL:     2   Next: 72%
Magic:  2/2        EV:  2    Int:  9 (10) God:
Gold:   1028       SH:  0    Dex: 10 (12) Spells: 1/1 levels left

rFire   . .          .
                       - Unarmed
rCold   . . .        (no shield)
rNeg    . . .        a - melded +0 animal skin
rPois   +            (helmet currently unavailable)
rElec   .            (cloak currently unavailable)
rCorr   .            (gloves currently unavailable)
SInv    .            (boots currently unavailable)
Will    .....        (no amulet)
Stlth   +            (no ring)
HPRegen 0.25/turn    (no ring)
MPRegen 0.08/turn

%: no passive effects
@: lethally poisoned (-1 -> -14), tree-form, attractive
A: stationary, stasis, torment immunity, boosted hp, (claws 1)
a: no special abilities


You were on level 2 of the Dungeon.
You were a tree.
You visited 1 branch of the dungeon, and saw 2 of its levels.

You collected 1028 gold pieces.


Innate Abilities, Weirdness & Mutations

You are a tree.
Your roots penetrate the ground, keeping you stationary.
You cannot be teleported.
You are immune to unholy pain and torment.
Your maximum health is greatly increased.
Your equipment is partially melded.
((You have sharp fingernails.))


   Skills:
 - Level 1.0 Fighting
 - Level 1.7 Dodging
 + Level 3.0 Unarmed Combat
 * Level 3.2 Shapeshifting


You had one spell level left.
You didn't know any spells.
Your spell library contained the following spells:

 Spells                   Type           Power      Damage    Failure   Level
 Lesser Beckoning         Tloc           0%         N/A       52%         2
 Maxwell's Portable Pile  Tloc           0%         2d(5-13)  77%         3
 Teleport Other           Tloc           0%         N/A       77%         3

Inventory:

Missiles
 g - 24 stones (quivered)
Armour
 a - a +0 animal skin (melded)
Talismans
 c - a beast talisman (active)
 d - a flux talisman

Dungeon Overview and Level Annotations

Branches:
Dungeon (2/15) Zot: 11382

Altars:

Annotations:
D:2 Terence

#.. #.#
#.# #.#
#.# #<#
#.# #.#
#♣#
....(r@.#
#########


You could see Terence and a rat.


Message History

No target in view!
An endoplasm comes into view.
You see here an orb of energy.
An endoplasm is nearby!
An endoplasm is nearby!
The helpless endoplasm fails to defend itself.
You scratch the endoplasm. The endoplasm freezes you.
You are frozen.
You scratch the endoplasm.
You kill the endoplasm! 😕 HP[-5]
You take 5 damage, and now have 16/21 hp.
MASSIVE DAMAGE!! (PAUSE)
You see here a +0 chain mail.
Key pressed, stopping explore.
You see here a rat skeleton.
Done exploring. 😎 HP[+5]
Your hp is fully restored (21).
Done exploring.
No target in view!
No target in view!
Done exploring.
No target in view!
No target in view!
Done exploring.
No target in view!
No target in view!
Done exploring.
There is a stone staircase leading down here.
You climb downwards.
There is a stone staircase leading up here.
This is a scroll of acquirement!
Something appears at your feet!
You now have 1028 gold pieces (gained 996).
As you read the scroll labelled CAOR TECIGEF, it crumbles to dust.
You assume a fearsome visage.
Nothing appears to happen.
It was a scroll of fear.
Unknown command.
Blink to where?
Press: ? - help, Dir - move target, f - you
Okay, then.
As you read the scroll labelled MASMAI MUYNAMA, it crumbles to dust.
It was a scroll of blinking.
Terence the Incautious comes into view.
He is wielding a +2 trident of venom.
Terence shouts!
You hear a loud squeak.
A rat comes into view.
You hear a shout!
Okay, then.
Okay, then.
Okay, then.
You aren't carrying any scrolls.
Unknown command.
Okay, then.
It was a potion of degeneration.
There was something very wrong with that liquid.
You feel weakened.
You feel dopey.
You feel clumsy.
Terence says, "Rest in peace."
Unknown command.
It was a potion of heal wounds.
You feel much better.
Unknown command.
It was a potion of attraction.
You feel attractive to monsters. Terence is attracted toward you.
The rat is attracted toward you.
It was a potion of curing.
You feel better.
Terence hits you with a +2 trident of venom.
You are poisoned. 😕 HP[-4]
You take 4 damage, and now have 17/21 hp.
You scratch Terence.
You feel very sick. 😮 HP[-3]
You take 3 damage, and now have 14/21 hp.
Unknown command.
You closely miss Terence.
You feel sick.
Terence hits you with a +2 trident of venom.
* * * LOW HITPOINT WARNING * * *
You are lethally poisoned! 😨 HP[-5]
You take 5 damage, and now have 9/21 hp.
MASSIVE DAMAGE!! (PAUSE)
Your transformation has ended.
You turn into a tree.
Your +0 animal skin melds into your body.
Your roots penetrate the ground.
* * * LOW HITPOINT WARNING * * *
You feel very sick.
Terence hits you with a +2 trident of venom.
* * * LOW HITPOINT WARNING * * *
😱 HP[-4]
You now have 31 max hp (+10).
You hit Terence but do no damage.
* * * LOW HITPOINT WARNING * * *
You feel very sick.
Terence hits you but does no damage. 😱 HP[-4]
You take 4 damage, and now have 1/31 hp.
You hit Terence.
You die...

Skill      XL: |  1  2 |
---------------+-------+-----
Shapeshifting  | 3 |  3.2
Unarmed Combat | 3 |  3.0
Fighting       | |  1.0
Dodging        | |  1.7

Action                     || total
---------------------------++-------
  Melee: Unarmed           ||    63
    Use: Potion            ||     5
         Scroll            ||     3
   Stab: Sleeping          ||     1
 Armour: Animal skin       ||    30
         Skin              ||     2
  Dodge: Dodged            ||    47

Levels and vault maps discovered:
D:1:      tarquinn_simple_flora_water_b, layout_rooms, feat_on_display
D:2:      wad_lake_hut, layout_loops_ring, uniq_terence, uniq_robin

Notes
Turn   | Place    | Note
-------+----------+-------------------------------------------
     0 | D:1      | kae the Demonspawn Shapeshifter began the quest for the
                  | Orb.
     0 | D:1      | Reached XP level 1. HP: 15/15 MP: 1/1
     0 | D:1      | magus.rc [v1.11.3]
    80 | D:1      | You pick up a book of Displacement and begin reading...
    80 | D:1      | You add the spells Lesser Beckoning, Teleport Other and
                  | Maxwell's Portable Piledriver to your library.
   187 | D:1      | Reached skill level 3 in Shapeshifting
   192 | D:1      | Gained mutation: You have sharp fingernails. [demonic
                  | ancestry]
   192 | D:1      | Reached XP level 2. HP: 20/21 MP: 2/2
   378 | D:1      | Reached skill level 3 in Unarmed Combat
   606 | D:2      | Identified a scroll of acquirement
   606 | D:2      | Acquired 996 gold pieces
   612 | D:2      | Noticed Terence
   619 | D:2      | HP: 5/31 [Terence/+2 trident of venom (4)]
   620 | D:2      | HP: 1/31 [poisoned by Terence]
   621 | D:2      | Succumbed to Terence's poison

Vanquished Creatures
  2 ball pythons (D:1)
  3 bats (D:1)
  An endoplasm (D:1)
  4 goblins (D:1)
  2 hobgoblins (D:1)
  3 kobolds (D:1)
  A quokka (D:1)
  2 frilled lizards (D:1)
  2 rats (D:1)
20 creatures vanquished.

Table legend:
 A = Non-vault XP
 B = Vault XP
 C = Vault XP percentage of total XP
 D = Non-vault monster count
 E = Vault monster count
 F = Vault count percentage of total count
                 A         B        C        D         E       F
            +---------+---------+-------+---------+---------+-------
      Total |      33 |       0 |   0.0 |      20 |       0 |   0.0
            +---------+---------+-------+---------+---------+-------
        D:1 |      33 |       0 |   0.0 |      20 |       0 |   0.0
            +---------+---------+-------+---------+---------+-------

Skill      XL: |  1  2 |
---------------+-------+-----
Shapeshifting  | 3 |  3.2
Unarmed Combat | 3 |  3.0
Fighting       | |  1.0
Dodging        | |  1.7

Action                     || total
---------------------------++-------
  Melee: Unarmed           ||    63
    Use: Potion            ||     5
         Scroll            ||     3
   Stab: Sleeping          ||     1
 Armour: Animal skin       ||    30
         Skin              ||     2
  Dodge: Dodged            ||    47

Illustrated notes

Table legend:
 A = Kills in this place as a percentage of kills in the entire game.
 B = Kills by you in this place as a percentage of kills by you in the entire game.
 C = Kills by friends in this place as a percentage of kills by friends in the entire game.
 D = Other kills in this place as a percentage of other kills in the entire game.
 E = Experience gained in this place as a percentage of experience gained in the entire game.
 F = Experience gained in this place divided by the number of levels of this place that you have seen.
                   A       B       C       D       E      F
               +-------+-------+-------+-------+-------+----------------------
         Total | 100.0 | 100.0 |   N/A |   N/A | 100.0 |  16.5
       Dungeon | 100.0 | 100.0 |   N/A |   N/A | 100.0 |  16.5
               +-------+-------+-------+-------+-------+----------------------

Table legend: (Time is in decaauts)
 A = Elapsed time spent in this place.
 B = Non-inter-level travel time spent in this place.
 C = Inter-level travel time spent in this place.
 D = Time resting spent in this place.
 E = Time spent auto-exploring this place.
 F = Levels seen in this place.
 G = Mean time per level.
                   A        B        C        D        E       F      G
               +--------+--------+--------+--------+--------+-----+--------+
         Total |    617 |    590 |     27 |      0 |    446 |   2 |  308.5 |
       Dungeon |    617 |    590 |     27 |      0 |    446 |   2 |  308.5 |
               +--------+--------+--------+--------+--------+-----+--------+

Top non-repeatable levels by time:
     D:1: 602 daAuts
     D:2: 15 daAuts
